 Dungeon Crawl Stone Soup version 0.29.1-15-g9cfb28693d (webtiles) character file.

Game seed: 1520898807113938288

2707 Peloso the Carver (level 9, 0/79 HPs)
             Began as a Minotaur Fighter on Apr 2, 2023.
             Slain by a yak (8 damage)
             ... on level 5 of the Dungeon.
             The game lasted 00:13:30 (7097 turns).

Peloso the Carver (Minotaur Fighter)                Turns: 7097, Time: 00:13:31

Health: 0/79       AC:  7    Str: 23    XL:     9   Next: 39%
Magic:  8/8        EV: 12    Int:  5    God:
Gold:   320        SH:  6    Dex: 16    Spells: 8/8 levels left

rFire   . . .      SeeInvis .   a - +1 long sword
rCold   . . .      Faith    .   c - +0 buckler
rNeg    . . .      Spirit   .   e - +1 ring mail of Negation {Dex+4}
rPois   +          Reflect  .   (helmet restricted)
rElec   .          Harm     .   (no cloak)
rCorr   .          Rampage  .   (no gloves)
Will    .....                   (no boots)
Stlth   +.........              (no amulet)
HPRegen 0.23/turn               k - ring of poison resistance
MPRegen 0.11/turn               (no ring)

@: no status effects
A: horns 2, retaliatory headbutt
a: no special abilities


You were on level 5 of the Dungeon.
You visited 2 branches of the dungeon, and saw 7 of its levels.

You collected 406 gold pieces.
You spent 86 gold pieces at shops.

Inventory:

Hand Weapons
 a - a +1 long sword (weapon)
Armour
 b - a +0 scale mail
 c - a +0 buckler (worn)
 e - the +1 ring mail of Negation (worn) {Dex+4}
   (You found it on level 2 of the Dungeon)

   Dex:       It affects your dexterity (+4).
 y - a +0 chain mail
Jewellery
 i - a +6 ring of intelligence
 j - a ring of ice
 k - a ring of poison resistance (left hand)
Scrolls
 f - a scroll of enchant weapon
 g - 2 scrolls of fog
 h - 2 scrolls of amnesia
 m - a scroll of brand weapon
 q - a scroll of teleportation
 s - a scroll of noise
 v - a scroll of poison
 w - 2 scrolls of magic mapping {unknown}
Potions
 d - 2 potions of might
 l - 3 potions of haste
 o - a potion of ambrosia
 p - a potion of resistance
 t - a potion of mutation
 u - 4 potions of curing
 z - a potion of invisibility {unknown}


   Skills:
 + Level 7.4 Fighting
 + Level 9.6 Long Blades
 + Level 8.1 Armour
 + Level 4.1 Dodging
 + Level 1.4 Stealth
 + Level 6.3 Shields
 + Level 0.6 Evocations


You had 8 spell levels left.
You didn't know any spells.
Your spell library was empty.

Dungeon Overview and Level Annotations

Branches:
Dungeon (6/15)             Temple (1/1) D:5

Altars:
Ashenzari
Cheibriados
Dithmenos
Elyvilon
Fedhas
Hepliaklqana
Kikubaaqudgha
Makhleb
Nemelex Xobeh
Okawaru
Qazlal
Sif Muna
Trog
Uskayaw
Vehumet
Yredelemnul

Shops:
D:5 *

Annotations:
D:3 2 runed translucent doors, danmikkh's ghost, amateur SpEn


Innate Abilities, Weirdness & Mutations

You have a pair of horns on your head.
You reflexively headbutt those who attack you in melee.


Message History

You slash the yak!
You kill the yak!
Your Dodging skill increases to level 4!
You hit the yak. You headbutt the yak.
The yak is moderately wounded.
The yak gores you.
You hit the yak.
The yak is moderately wounded.
The yak barely misses you.
You barely miss the yak. You headbutt the yak!
The yak is heavily wounded.
The yak gores you!
* * * LOW HITPOINT WARNING * * *
You barely miss the yak.
The yak is heavily wounded.
You block the yak's attack.
You hit the yak.
The yak is severely wounded.
The yak gores you!
* * * LOW HITPOINT WARNING * * *
You slash the yak! You headbutt the yak.
You kill the yak!
You hit the yak. Your headbutt misses the yak.
The yak is lightly wounded.
The yak closely misses you. The yak attacks as you move away!
The yak barely misses you.
There is an open door here.
The yak attacks as you move away! The yak barely misses you.
The yak attacks as you move away! The yak gores you.
* * * LOW HITPOINT WARNING * * *
There is a stone staircase leading up here.
The yak gores you!
* * * LOW HITPOINT WARNING * * *
You climb upwards.
There is a stone staircase leading down here.
The yak attacks as you move away! The yak barely misses you.
The yak attacks as you move away! The yak misses you. You furiously retaliate!
You headbutt the yak! The yak attacks as you move away! The yak gores you!
You die...

...........'......#..............
...........#......'..............
...........#......#..............
.........(.#.....##.....###......
..........>#.###.######## #......
...........#.###.# #.#####
...........#.....# #.#
##########.######### #.#
#.......Y@..########.#
#.#.#######.##.......#
#.#.><)...#.##.#######
#.####)......#.#.....#
#.####.#.##..#.##.##.#
#......#..........##.#
########.#####.#####.# #.#
#.......# ### #########


You could see a yak.

Vanquished Creatures
  Prince Ribbit (Temple)
  Grinder (D:5)
  2 yaks (D:6)
  A steam dragon (D:6)
  Menkaure (D:5)
  2 water moccasins
  3 black bears
  A sky beast (D:4)
  A centaur (D:6)
  A kobold brigand (D:5)
  A necrophage (D:5)
  A gnoll sergeant (D:4)
  6 scorpions
  A gnoll bouda (D:5)
  A jelly (D:5)
  2 hounds
  2 orc priests
  3 iguanas
  Ijyb (D:5)
  An orc wizard (D:6)
  12 gnolls
  6 adders
  2 white imps (D:6)
  2 worms
  4 dart slugs
  19 orcs
  7 ball pythons
  4 bats
  8 endoplasms
  3 giant cockroaches
  9 goblins
  13 hobgoblins
  6 jackals
  7 kobolds
  3 quokkas
  5 frilled lizards
  3 rats (D:1)
146 creatures vanquished.

Notes
Turn   | Place    | Note
-------+----------+-------------------------------------------
     0 | D:1      | Peloso the Minotaur Fighter began the quest for the Orb.
     0 | D:1      | Reached XP level 1. HP: 19/19 MP: 0/0
   246 | D:1      | Reached XP level 2. HP: 27/27 MP: 1/1
   501 | D:1      | Reached XP level 3. HP: 29/33 MP: 2/2
   560 | D:1      | Reached skill level 3 in Long Blades
  1465 | D:2      | Identified the +1 ring mail of Negation {Dex+4}
  1554 | D:2      | Found an ancient bone altar of Kikubaaqudgha.
  1666 | D:2      | Reached XP level 4. HP: 40/41 MP: 3/3
  2007 | D:3      | Found a runed translucent door.
  2086 | D:3      | Noticed a scorpion
  2094 | D:3      | Killed a scorpion
  2095 | D:3      | Reached skill level 4 in Long Blades
  2095 | D:3      | Reached skill level 1 in Dodging
  2095 | D:3      | Reached XP level 5. HP: 47/47 MP: 4/4
  2466 | D:3      | Found a runed translucent door.
  2547 | D:3      | Found a blossoming altar of Fedhas.
  2823 | D:3      | Noticed danmikkh's ghost (amateur SpEn)
  2835 | D:4      | Noticed a sky beast
  2846 | D:4      | Killed a sky beast
  2847 | D:4      | Reached skill level 5 in Long Blades
  2847 | D:4      | Reached XP level 6. HP: 52/55 MP: 5/5
  2918 | D:4      | Found a shimmering blue altar of Sif Muna.
  2990 | D:4      | Reached skill level 5 in Fighting
  3002 | D:4      | Found a shadowy altar of Dithmenos.
  3489 | D:5      | Entered Level 5 of the Dungeon
  3498 | D:5      | Found Vibag's Assorted Antiques.
  3506 | D:5      | Bought 2 glowing blue potions for 32 gold pieces
  3506 | D:5      | Bought a scroll labelled RYXISK JOXU for 18 gold pieces
  3506 | D:5      | Bought a scroll labelled VION AWNIGUE for 18 gold pieces
  3506 | D:5      | Bought a scroll labelled EHEONUCHYIJUT for 18 gold pieces
  3528 | D:5      | Reached skill level 5 in Shields
  3669 | D:5      | Noticed Ijyb
  3670 | D:5      | Paralysed by Ijyb for 3 turns
  3674 | D:5      | Paralysed by Ijyb for 5 turns
  3681 | D:5      | Killed Ijyb
  3830 | D:5      | Reached skill level 5 in Armour
  3909 | D:5      | Reached XP level 7. HP: 60/61 MP: 6/6
  3962 | D:5      | Noticed Menkaure
  4003 | D:5      | Reached skill level 6 in Long Blades
  4510 | D:5      | Noticed Prince Ribbit
  4512 | D:5      | Found a staircase to the Ecumenical Temple.
  4518 | Temple   | Entered the Ecumenical Temple
  4530 | Temple   | HP: 3/61 [Prince Ribbit (12)]
  4550 | Temple   | Killed Prince Ribbit
  4551 | Temple   | Reached skill level 7 in Long Blades
  4763 | Temple   | Reached XP level 8. HP: 38/70 MP: 7/7
  4925 | D:5      | Killed Menkaure
  5519 | D:5      | Noticed Grinder
  5538 | D:5      | Paralysed by Grinder for 5 turns
  5553 | D:5      | Killed Grinder
  5554 | D:5      | Reached skill level 8 in Long Blades
  5554 | D:5      | Reached skill level 1 in Stealth
  6264 | D:6      | Reached XP level 9. HP: 79/79 MP: 8/8
  6305 | D:6      | Reached skill level 9 in Long Blades
  6587 | D:6      | Found a white marble altar of Elyvilon.
  7097 | D:5      | Slain by a yak

Illustrated notes

Levels and vault maps discovered:
D:1:      minmay_arrival_checkered_box, layout_loops_ring, st_stairs_3
D:2:      layout_rooms, basic_altar
D:3:      layout_basic, mainiacjoe_overflow_small_starburst,
          ebering_ghost_sewer_f
D:4:      layout_rooms, lemuel_crystal_altar, kennysheep_orc_sif_temple
D:5:      layout_basic, minmay_temple_entry_hall, serial_shops, shop,
          uniq_prince_ribbit1, uniq_ijyb, uniq_grinder, uniq_menkaure
D:6:      layout_basic, general_overflow_altar, elyvilon_altar_3,
          minmay_manual_mail
Temple:   nicolae_temple_ecumenical_triangle

Skill      XL: |  1  2  3  4  5  6  7  8  9 |
---------------+----------------------------+-----
Fighting       | 4 5 7 |  7.4
Shields        | 4 5 6 |  6.3
Long Blades    | 3 4 5 7 8 9 |  9.6
Armour         | 4 5 6 7 8 |  8.1
Dodging        | 1 2 3 4 |  4.1
Stealth        | 1 |  1.4
Evocations     | |  0.6

Action                   |  1- 3 |  4- 6 |  7- 9 || total
-------------------------+-------+-------+-------++-------
Melee: Long sword        |   102 |   118 |   210 ||   430
       Headbutt          |    10 |    23 |    45 ||    78
Evoke: Wand              |       |       |     3 ||     3
  Use: Scroll            |     5 |     3 |     7 ||    15
       Potion            |     2 |       |     4 ||     6
Armor: Scale mail        |    53 |       |       ||    53
       Ring mail         |     4 |    44 |    54 ||   102
Dodge: Dodged            |    54 |    50 |   145 ||   249
Block: Buckler           |    29 |    39 |    70 ||   138
